 Dungeon Sprint DCSS version 0.19-a0-1908-g43c011f (webtiles) character file.

0 esc the Sneak (level 1, -10/9 HPs)
             Began as a Spriggan Enchanter on Oct 22, 2016.
             Mangled by a neqoxec (13 damage)
             ... in the Dungeon (Sprint II: "The Violet Keep of Menkaure").
             The game lasted 00:00:32 (12 turns).

esc the Sneak (Spriggan Enchanter)                    Turns: 12, Time: 00:00:33

Health: -10/9      AC:  3    Str:  4      XL:     1   Next: 0%
Magic:  5/5        EV: 18    Int: 11 (16) God:
Gold:   0          SH:  0    Dex: 16      Spells: 1 memorised, 4 levels left

rFire  . . .     SeeInvis +     a - +1 dagger
rCold  . . .     Gourm    .     b - +1 robe
rNeg   . . .     Faith    .     (shield restricted)
rPois  .         Spirit   .     (helmet restricted)
rElec  .         Reflect  .     (no cloak)
rCorr  .         Harm     .     (gloves unavailable)
MR     .....     NoTele   +     (boots unavailable)
Stlth  +++.......               (no amulet)
                                (no ring)
                                (no ring)

@: very quick
A: unfitting armour, see invisible, herbivore 3, speed 3, slow metabolism 2
a: no special abilities


You were in the Dungeon.
You were not hungry.

You visited 1 branch

Inventory:

Hand Weapons
 a - a +1 dagger (weapon)
Armour
 b - a +1 robe (worn)
Scrolls
 j - a scroll of blinking {!r}
Potions
 e - a potion of curing
 f - a potion of heal wounds
 g - a potion of haste
 h - 2 potions of magic
 i - a potion of berserk rage {!q}
Books
 c - a book of Maledictions
Comestibles
 d - a bread ration {@e1}


   Skills:
 + Level 0.0 Fighting
 + Level 1.1 Short Blades
 + Level 3.0 Dodging
 + Level 4.4 Stealth
 + Level 2.6 Spellcasting
 + Level 3.6 Hexes


You had 4 spell levels left.
You knew the following spells:

 Your Spells              Type           Power        Failure   Level  Hunger
v - Corona                Hex            #......      10%         1    ##.....


Dungeon Overview and Level Annotations

Branches:
Dungeon (1/1)

Altars:


Innate Abilities, Weirdness & Mutations

You are very small and have problems with some larger weapons.
You are too small for most types of armour.
You have supernaturally acute eyesight. (SInv)
You are a herbivore.
You cover ground extremely quickly.
You need consume almost no food.


Message History

Welcome, esc the Spriggan Enchanter.
Found a staircase leading out of the dungeon.
Okay, then.
You open the door. 2 hippogriffs come into view.
The hippogriff screeches! x2
You close the door.
You open the door. 4 neqoxecs come into view.
The neqoxec shouts! x3
The neqoxec gestures.
You hit the iron imp but do no damage. The neqoxec gestures at you.
You feel dopey. Something feeds on your intellect! The neqoxec gestures at you.
You feel dopey. Something feeds on your intellect!
You hit the iron imp but do no damage. You hit the neqoxec.
The neqoxec gestures.
You barely miss the neqoxec. The neqoxec closely misses you.
The neqoxec gestures.
You hit the neqoxec but do no damage. The neqoxec misses you.
You hit the neqoxec but do no damage. The neqoxec hits you.
You take 2 damage, and have 7/9 hp.
MASSIVE DAMAGE!!
You hit the neqoxec but do no damage.
The crimson imp blinks!
The neqoxec hits you.
The iron imp summons a swarm of flies.
The iron imp spits at you.
The neqoxec gestures.
You take 4 damage, and have 3/9 hp.
MASSIVE DAMAGE!!
You hit the neqoxec.
The crimson imp blinks!
The neqoxec hits you!
Ouch! That really hurt!
You die... ## ## .# #. # H#H

#5 #+#
#3##.##
#33@5.+
#53##.##
#5 #+# #


You could see 4 neqoxecs, 2 iron imps and 2 crimson imps.

Vanquished Creatures (others)
  A crocodile (D)
1 creature vanquished.

Notes
Turn   | Place    | Note
-------+----------+-------------------------------------------
     0 | D        | esc the Spriggan Enchanter began the quest for the Orb.
     0 | D        | Reached XP level 1. HP: 9/9 MP: 5/5
     1 | D        | Noticed a hippogriff
     1 | D        | Noticed a hippogriff
     4 | D        | Noticed a neqoxec
     4 | D        | Noticed a neqoxec
     4 | D        | Noticed a neqoxec
     4 | D        | Noticed a neqoxec
     5 | D        | Noticed an iron imp
     5 | D        | Noticed an iron imp
     5 | D        | Noticed a crimson imp
    10 | D        | Killed a crocodile
    12 | D        | Noticed a crimson imp
    12 | D        | Mangled by a neqoxec

Vault maps used:
D:        the_violet_keep_of_menkaure

Action                   || total
-------------------------++-------
Melee: Dagger            ||     8
Dodge: Dodged            ||     2

Vault maps used:
D:        the_violet_keep_of_menkaure

Table legend:
 A = Turns spent in this place as a percentage of turns spent in the entire game.
 B = Non-inter-level travel turns spent in this place as a percentage of non-inter-level travel turns spent in the entire game.
 C = Inter-level travel turns spent in this place as a percentage of turns spent in this place.
 D = Turns resting spent in this place as a percentage of non-inter-level travel turns spent in this place.
 E = Turns spent auto-exploring this place as a percentage of non-inter-level travel turns spent in this place.
 F = Non-inter-level travel turns spent in this place divided by the number of levels of this place that you've seen.
                   A       B       C       D       E      F
               +-------+-------+-------+-------+-------+----------------------
         Total | 100.0 | 100.0 |   0.0 |   0.0 |   0.0 |  14.0
       Dungeon | 100.0 | 100.0 |   0.0 |   0.0 |   0.0 |  14.0
               +-------+-------+-------+-------+-------+----------------------
